TOP OF THE 1ST |
University of Georgia Bulldogs batting - Pitching for University of Virginia Cavaliers : LHP Robin Thurgood
|
Pitching: LHP Robin Thurgood
|
|
Batting: RHB Nate McCormick
|
0-0: Ball 1-0: Ball 2-0: Ball 3-0: Called Strike 3-1: Fly out, F8 (Flyball, 8RS, EV 85.0 MPH)
|
Batting: RHB James Warby
|
0-0: Ball 1-0: Ball 2-0: DOUBLE (Line Drive, 9LM, EV 109.4 MPH)
|
Batting: RHB Charlie Davison
|
0-0: TRIPLE (Flyball, 89XD, EV 94.4 MPH) James Warby scores
|
Batting: RHB Murilo Cunha
|
0-0: Ball 1-0: Ground out 4-3 (Groundball, 4S, EV 65.6 MPH) Charlie Davison scores
|
Batting: LHB Milton Yeo
|
0-0: Ground out 5-3 (Groundball, 56, EV 78.1 MPH)
|
Top of the 1st over - 2 runs, 2 hits, 0 errors, 0 left on base; University of Georgia 2 - University of Virginia 0 |
BOTTOM OF THE 1ST |
University of Virginia Cavaliers batting - Pitching for University of Georgia Bulldogs : RHP Rich Gold
|
Pitching: RHP Rich Gold
|
|
Batting: RHB Scott Anderson
|
0-0: Ball 1-0: Ball 2-0: Called Strike 2-1: Foul Ball, location: 2F 2-2: Fly out, F5 (Popup, 56, EV 83.8 MPH)
|
Batting: LHB Edelberto Barbas
|
0-0: Ball 1-0: Ball 2-0: Ground out 4-3 (Groundball, 4, EV 98.1 MPH)
|
Batting: LHB Alex Aguilar
|
0-0: Foul Ball, location: 2F 0-1: Ground out 4-3 (Groundball, 4MD, EV 86.9 MPH)
|
Bottom of the 1st over - 0 runs, 0 hits, 0 errors, 0 left on base; University of Georgia 2 - University of Virginia 0 |
TOP OF THE 2ND |
University of Georgia Bulldogs batting - Pitching for University of Virginia Cavaliers : LHP Robin Thurgood
|
Batting: RHB Javier Alcorta
|
0-0: Ball 1-0: Ball 2-0: Called Strike 2-1: Ball 3-1: Base on Balls
|
Batting: LHB Sloan Rayner
|
0-0: Called Strike 0-1: Ball 1-1: Foul Ball, location: 2F 1-2: DOUBLE (Line Drive, 9LM, EV 113.8 MPH) Javier Alcorta to third
|
Batting: RHB Justin Szymczyk
|
0-0: Called Strike 0-1: SINGLE (Groundball, 6MD, EV 98.8 MPH) Javier Alcorta scores Sloan Rayner to third
|
Batting: RHB Josh Cavaleri
|
0-0: Ball 1-0: Called Strike 1-1: Ball 2-1: Ball 3-1: Fly out, F9 (Flyball, 89M, EV 93.1 MPH) Runner from 3rd tags up, SCORES, throw by RF
|
Batting: RHB Nate McCormick
|
0-0: Ball 1-0: Ball Justin Szymczyk is caught stealing 2nd base 2-4 2-0: Fly out, F8 (Flyball, 8LD, EV 91.2 MPH)
|
Top of the 2nd over - 2 runs, 2 hits, 0 errors, 0 left on base; University of Georgia 4 - University of Virginia 0 |
BOTTOM OF THE 2ND |
University of Virginia Cavaliers batting - Pitching for University of Georgia Bulldogs : RHP Rich Gold
|
Batting: RHB Pedro Lopez
|
0-0: Swinging Strike 0-1: Called Strike 0-2: Ball 1-2: Ball 2-2: Fly out, F3 (Popup, 3SF, EV 80.6 MPH)
|
Batting: RHB Mike Llamas
|
0-0: Called Strike 0-1: Foul Ball, location: 2F 0-2: Ball 1-2: Strikes out looking
|
Batting: RHB Nick Cech
|
0-0: Ball 1-0: Ground out 6-3 (Groundball, 6, EV 84.4 MPH)
|
Bottom of the 2nd over - 0 runs, 0 hits, 0 errors, 0 left on base; University of Georgia 4 - University of Virginia 0 |
TOP OF THE 3RD |
University of Georgia Bulldogs batting - Pitching for University of Virginia Cavaliers : LHP Robin Thurgood
|
Batting: RHB James Warby
|
0-0: Swinging Strike 0-1: Ground out 6-3 (Groundball, 6D, EV 95.6 MPH)
|
Batting: RHB Charlie Davison
|
0-0: Ball 1-0: SINGLE (Flyball, 3D, EV 89.4 MPH)
|
Batting: RHB Murilo Cunha
|
0-0: Ball 1-0: Fly out, F9 (Line Drive, 9, EV 90.6 MPH)
|
Batting: LHB Milton Yeo
|
0-0: Ball 1-0: Hit by Pitch Charlie Davison to second
|
Batting: RHB Javier Alcorta
|
0-0: Foul Ball, location: 2F 0-1: Ball 1-1: Ball 2-1: Foul Ball, location: 2F 2-2: Foul Ball, location: 2F 2-2: Ball 3-2: Ground out 5-3 (Groundball, 56, EV 108.8 MPH)
|
Top of the 3rd over - 0 runs, 1 hit, 0 errors, 2 left on base; University of Georgia 4 - University of Virginia 0 |
BOTTOM OF THE 3RD |
University of Virginia Cavaliers batting - Pitching for University of Georgia Bulldogs : RHP Rich Gold
|
Batting: RHB Jose Velez
|
0-0: Fly out, F9 (Flyball, 89M, EV 88.8 MPH)
|
Batting: RHB Tony Montoya
|
0-0: Swinging Strike 0-1: Ball 1-1: Ball 2-1: Ball 3-1: Foul Ball, location: 2F 3-2: Foul Ball, location: 2F 3-2: Strikes out swinging
|
Batting: RHB Mitchell Archdeacon
|
0-0: Ball 1-0: DOUBLE (Flyball, 89D, EV 100.0 MPH)
|
Batting: RHB Scott Anderson
|
0-0: Called Strike 0-1: SINGLE (Line Drive, 89S, EV 90.6 MPH) Mitchell Archdeacon to third Runner from 3rd tries for Home, SAFE, throw by RF to home Scott Anderson to second
|
Batting: LHB Edelberto Barbas
|
0-0: Ball Wild Pitch! Scott Anderson to third 1-0: Swinging Strike 1-1: Foul Ball, location: 2F 1-2: Foul Ball, location: 2F 1-2: Foul Ball, location: 2F 1-2: Ground out 4-3 (Groundball, 4, EV 98.8 MPH)
|
Bottom of the 3rd over - 1 run, 2 hits, 0 errors, 1 left on base; University of Georgia 4 - University of Virginia 1 |
TOP OF THE 4TH |
University of Georgia Bulldogs batting - Pitching for University of Virginia Cavaliers : LHP Robin Thurgood
|
Batting: LHB Sloan Rayner
|
0-0: Foul Ball, location: 2F 0-1: Called Strike 0-2: Foul Ball, location: 2F 0-2: Ground out 4-3 (Groundball, 4, EV 103.1 MPH)
|
Batting: RHB Justin Szymczyk
|
0-0: Called Strike 0-1: Ground out 1-3 (Groundball, 13, EV 72.5 MPH)
|
Batting: RHB Josh Cavaleri
|
0-0: Ball 1-0: Ball 2-0: Ball 3-0: Called Strike 3-1: Called Strike 3-2: Fly out, F8 (Flyball, 8RS, EV 93.8 MPH)
|
Top of the 4th over - 0 runs, 0 hits, 0 errors, 0 left on base; University of Georgia 4 - University of Virginia 1 |
BOTTOM OF THE 4TH |
University of Virginia Cavaliers batting - Pitching for University of Georgia Bulldogs : RHP Rich Gold
|
Batting: LHB Alex Aguilar
|
0-0: DOUBLE (Line Drive, 9LS, EV 106.2 MPH)
|
Batting: RHB Pedro Lopez
|
0-0: Called Strike 0-1: SINGLE (Line Drive, 56, EV 95.0 MPH) Alex Aguilar to third
|
Batting: RHB Mike Llamas
|
0-0: Fielders Choice at 2nd, 5-4 (Groundball, 56, EV 85.0 MPH) Alex Aguilar scores
|
Batting: RHB Nick Cech
|
0-0: Fielders Choice at 2nd, 6-4 (Groundball, 6, EV 84.4 MPH)
|
Batting: RHB Jose Velez
|
0-0: Ball 1-0: Ball 2-0: Ball 3-0: Called Strike 3-1: Reached on error, E6 (Groundball, 6, EV 84.4 MPH) Nick Cech to second
|
Batting: RHB Tony Montoya
|
0-0: Called Strike 0-1: Fielders Choice at 2nd, 6-4 (Groundball, 6, EV 101.9 MPH)
|
Bottom of the 4th over - 1 run, 2 hits, 1 error, 2 left on base; University of Georgia 4 - University of Virginia 2 |
TOP OF THE 5TH |
University of Georgia Bulldogs batting - Pitching for University of Virginia Cavaliers : LHP Robin Thurgood
|
Now at C: Mink Hendriks
|
|
Now at 3B: Allen McCaskill
|
|
Now in CF: Ethan Lewis
|
|
Pinch Hitting: LHB Luis Mejia
|
0-0: Called Strike 0-1: Ball 1-1: Called Strike 1-2: Strikes out swinging
|
Pinch Hitting: RHB Jeff Wornick
|
0-0: Foul Ball, location: 2F 0-1: Swinging Strike 0-2: Strikes out swinging
|
Pinch Hitting: LHB Cole Sanchez
|
0-0: Ball 1-0: Swinging Strike 1-1: Foul Ball, location: 2F 1-2: Ball 2-2: Foul Ball, location: 2F 2-2: Strikes out swinging
|
Top of the 5th over - 0 runs, 0 hits, 0 errors, 0 left on base; University of Georgia 4 - University of Virginia 2 |
BOTTOM OF THE 5TH |
University of Virginia Cavaliers batting - Pitching for University of Georgia Bulldogs : RHP Rich Gold
|
Now at 2B: Albert Rodriguez
|
|
Now at 3B: Salvatore Jaime
|
|
Now at SS: Jeff Wornick
|
|
Now in LF: Murilo Cunha
|
|
Now in CF: Edwin Zavala
|
|
Now in RF: Bryan Ross
|
|
Batting: RHB Mitchell Archdeacon
|
0-0: Ball 1-0: Called Strike 1-1: Fly out, F8 (Flyball, 78XD, EV 103.8 MPH)
|
Pinch Hitting: RHB Luke Bertrand
|
0-0: SINGLE (Groundball, 34D, EV 98.1 MPH)
|
Batting: LHB Edelberto Barbas
|
0-0: Ball 1-0: Grounds out, U3 (Groundball, 3L, EV 86.9 MPH)
|
Pinch Hitting: RHB Jason Lambert
|
0-0: Ball 1-0: Called Strike 1-1: Foul Ball, location: 2F 1-2: Ball 2-2: Ball 3-2: Strikes out swinging
|
Bottom of the 5th over - 0 runs, 1 hit, 0 errors, 1 left on base; University of Georgia 4 - University of Virginia 2 |
TOP OF THE 6TH |
University of Georgia Bulldogs batting - Pitching for University of Virginia Cavaliers : LHP Robin Thurgood
|
Pitching: LHP Cory Byler
|
|
Now at 1B: Jason Lambert
|
|
Now at 2B: Jason Thresher
|
|
Now at SS: Alex Ruschin
|
|
Now in LF: Matt Morales
|
|
Now in RF: Luke Bertrand
|
|
Pinch Hitting: LHB Dennis Klein
|
0-0: Ball 1-0: SINGLE (Groundball, 6M, EV 95.6 MPH)
|
Batting: RHB Ed Howard
|
0-0: Swinging Strike 0-1: Swinging Strike 0-2: Ball 1-2: Strikes out swinging
|
Batting: RHB Javier Alcorta
|
0-0: Ball 1-0: Foul Ball, location: 2F 1-1: Grounds into double play, 5-4-3 (Groundball, 56S, EV 86.2 MPH)
|
Top of the 6th over - 0 runs, 1 hit, 0 errors, 0 left on base; University of Georgia 4 - University of Virginia 2 |
BOTTOM OF THE 6TH |
University of Virginia Cavaliers batting - Pitching for University of Georgia Bulldogs : RHP Rich Gold
|
Now at C: Hairama Seiuli
|
|
Now in LF: Pat Svenson
|
|
Batting: RHB Jason Thresher
|
0-0: Ball 1-0: Foul Ball, location: 2F 1-1: Called Strike 1-2: Strikes out looking
|
Batting: RHB Matt Morales
|
0-0: Ball 1-0: Swinging Strike 1-1: Ground out 6-3 (Groundball, 6S, EV 83.1 MPH)
|
Batting: RHB Allen McCaskill
|
0-0: Ball 1-0: Ball 2-0: Called Strike 2-1: Foul Ball, location: 2F 2-2: Foul Ball, location: 2F 2-2: Foul Ball, location: 2F 2-2: Foul Ball, location: 2F 2-2: Ground out 6-3 (Groundball, 6, EV 86.9 MPH)
|
Bottom of the 6th over - 0 runs, 0 hits, 0 errors, 0 left on base; University of Georgia 4 - University of Virginia 2 |
TOP OF THE 7TH |
University of Georgia Bulldogs batting - Pitching for University of Virginia Cavaliers : LHP Cory Byler
|
Pinch Hitting: LHB Casey Bass
|
0-0: Ball 1-0: Foul Ball, location: 2F 1-1: Called Strike 1-2: Fly out, F7 (Line Drive, 7LS, EV 91.2 MPH)
|
Batting: LHB Bryan Ross
|
0-0: Ball 1-0: Called Strike 1-1: Called Strike 1-2: Fly out, F8 (Flyball, 78D, EV 107.5 MPH)
|
Batting: RHB Albert Rodriguez
|
0-0: Called Strike 0-1: Ball 1-1: Ball 2-1: Foul Ball, location: 2F 2-2: Strikes out swinging
|
Top of the 7th over - 0 runs, 0 hits, 0 errors, 0 left on base; University of Georgia 4 - University of Virginia 2 |
BOTTOM OF THE 7TH |
University of Virginia Cavaliers batting - Pitching for University of Georgia Bulldogs : RHP Rich Gold
|
Pitching: LHP Andres Caceres
|
|
Now at 1B: Andy Dyer
|
|
Batting: SHB Ethan Lewis
|
0-0: Called Strike 0-1: Swinging Strike 0-2: Ball 1-2: Ball 2-2: Strikes out swinging
|
Batting: SHB Mink Hendriks
|
0-0: Swinging Strike 0-1: Ball 1-1: Foul Ball, location: 2F 1-2: SINGLE (Line Drive, 3D, EV 100.0 MPH)
|
Batting: RHB Alex Ruschin
|
0-0: SINGLE (Line Drive, 3L, EV 104.4 MPH) Mink Hendriks to second
|
Pinch Hitting: LHB Ray Nichter
|
0-0: Foul Ball, location: 2F 0-1: Foul Ball, location: 2F 0-2: Strikes out swinging
|
Batting: RHB Rob Coble
|
0-0: Ball 1-0: Called Strike 1-1: Ball 2-1: Ball 3-1: Called Strike 3-2: Base on Balls Mink Hendriks to third Alex Ruschin to second
|
Batting: RHB Jason Lambert
|
0-0: Called Strike 0-1: Foul Ball, location: 2F 0-2: Ball 1-2: Ball 2-2: Foul Ball, location: 2F 2-2: Foul Ball, location: 2F 2-2: Ball 3-2: Ground out 4-3 (Groundball, 4, EV 107.5 MPH)
|
Bottom of the 7th over - 0 runs, 2 hits, 0 errors, 3 left on base; University of Georgia 4 - University of Virginia 2 |
TOP OF THE 8TH |
University of Georgia Bulldogs batting - Pitching for University of Virginia Cavaliers : LHP Cory Byler
|
Pitching: RHP Omar Barajas
|
|
Now in RF: Ray Nichter
|
|
Batting: RHB Salvatore Jaime
|
0-0: Called Strike 0-1: Ball 1-1: Swinging Strike 1-2: Foul Ball, location: 2F 1-2: Foul Ball, location: 2F 1-2: Ball 2-2: Foul Ball, location: 2F 2-2: Strikes out looking
|
Batting: RHB Jeff Wornick
|
0-0: SINGLE (Groundball, 6MD, EV 95.0 MPH)
|
Batting: LHB Edwin Zavala
|
0-0: Ball 1-0: Ball Jeff Wornick is caught stealing 2nd base 2-6 2-0: Ball 3-0: Called Strike 3-1: Called Strike 3-2: Foul Ball, location: 2F 3-2: DOUBLE (Line Drive, 7LD, EV 108.1 MPH)
|
Batting: RHB Pat Svenson
|
0-0: Ball 1-0: Called Strike 1-1: Ground out 6-3 (Groundball, 6, EV 88.1 MPH)
|
Top of the 8th over - 0 runs, 2 hits, 0 errors, 1 left on base; University of Georgia 4 - University of Virginia 2 |
BOTTOM OF THE 8TH |
University of Virginia Cavaliers batting - Pitching for University of Georgia Bulldogs : LHP Andres Caceres
|
Pitching: RHP Tony Fox
|
|
Pinch Hitting: LHB Eddie Vidalez
|
0-0: Foul Ball, location: 2F 0-1: Ball 1-1: Called Strike 1-2: Foul Ball, location: 2F 1-2: Strikes out swinging, 2-3 out at first.
|
Pinch Hitting: RHB Leo Baxter
|
0-0: Called Strike 0-1: Swinging Strike 0-2: Strikes out looking
|
Batting: RHB Allen McCaskill
|
0-0: Fly out, F5 (Popup, 25, EV 83.1 MPH)
|
Bottom of the 8th over - 0 runs, 0 hits, 0 errors, 0 left on base; University of Georgia 4 - University of Virginia 2 |
TOP OF THE 9TH |
University of Georgia Bulldogs batting - Pitching for University of Virginia Cavaliers : RHP Omar Barajas
|
Pitching: LHP Bill Cenci
|
|
Now at 2B: Alex Ruschin
|
|
Now at SS: Maurice McDonald
|
|
Now in LF: Eddie Vidalez
|
|
Batting: RHB Ed Howard
|
0-0: Foul Ball, location: 2F 0-1: Foul Ball, location: 2F 0-2: Foul Ball, location: 2F 0-2: Hit by Pitch
|
Batting: SHB Hairama Seiuli
|
0-0: Bunt missed! 0-1: Sac Bunt to P - play at first, batter OUT! 1-3 Ed Howard to second
|
Batting: LHB Andy Dyer
|
0-0: Ground out 6-3 (Groundball, 56, EV 76.9 MPH)
|
Batting: LHB Bryan Ross
|
0-0: Ball 1-0: Ball 2-0: Foul Ball, location: 2F 2-1: Ground out 6-3 (Groundball, 6M, EV 103.1 MPH)
|
Top of the 9th over - 0 runs, 0 hits, 0 errors, 1 left on base; University of Georgia 4 - University of Virginia 2 |
BOTTOM OF THE 9TH |
University of Virginia Cavaliers batting - Pitching for University of Georgia Bulldogs : RHP Tony Fox
|
Pitching: LHP Bill McIntyre
|
|
Now in LF: Bryan Ross
|
|
Now in RF: Mike McElwee
|
|
Pinch Hitting: RHB Rob Price
|
0-0: SINGLE (Groundball, 34D, EV 95.0 MPH)
|
Pinch Hitting: RHB Dustin Medford
|
0-0: Ball 1-0: Called Strike 1-1: Called Strike 1-2: Strikes out swinging
|
Pinch Hitting: SHB Tim Lloyd
|
0-0: Fielders Choice at 2nd, 3-6 (Groundball, 3, EV 82.5 MPH)
|
Batting: LHB Ray Nichter
|
0-0: DOUBLE (Line Drive, 78D, EV 105.0 MPH) Tim Lloyd to third
|
Batting: RHB Rob Coble
|
0-0: Called Strike 0-1: Swinging Strike 0-2: Strikes out swinging
|
Bottom of the 9th over - 0 runs, 2 hits, 0 errors, 2 left on base; University of Georgia 4 - University of Virginia 2 |
|